[Event "*** Qualifier 1: Titled Tuesday 3|2 Blitz"]
[Site "Chess.com"]
[Date "2017.04.04"]
[Round "6"]
[White "Marcus_Harvey"]
[Black "TheLancer"]
[Result "0-1"]
[WhiteElo "2474"]
[BlackElo "2478"]
[TimeControl "180+2"]
[EndTime "14:26:28 PDT"]
[Termination "TheLancer won by resignation"]

1. e4 c5 2. c3 g6 3. d4 cxd4 4.
cxd4 d5 5. exd5 Nf6 6. Nc3 Nxd5 7. Bc4 Nb6 8. Bb3 Bg7 9. Nf3 O-O 10. O-O Nc6 11.
Be3 Na5 12. d5 Nac4 13. Bd4 e5 14. dxe6 Bxe6 15. Bxg7 Qxd1 16. Raxd1 Kxg7 17. Bxc4 Bxc4 18. Rfe1 Rfe8 19. Rxe8 Rxe8 20. b3 Be6 21. Nd4 a6 22. Kf1 Bc8 23. Nc2 Bg4 24. f3 Rc8 25. fxg4 Rxc3 26. Rd2 Nd5 27. Kf2 Nf6 28. Ke1 Nxg4 29. h3 Nf6 30. Kd1 h5 31. Kc1 g5 32. Kb2 Rg3 33.
Nd4 Kg6 34. Nf3 Ne4 35. Rc2 f6 36. a4 Nd6 37. Nd4 Nf5 38. Ne6 Ne3 39. Rc7 Rxg2+ 40. Kc1 b5 41. a5 Ra2 42. b4 Ra4 43. Kd2 Nd5 44. Rg7+ Kf5 45. Nd4+ Ke4 46. Ne2 Ra2+ 47. Ke1 Ke3 48. Nc1 Rh2 49. Kf1 Nf4 50. Re7+ Kf3 51. Ke1 Rxh3 52. Ra7 Ke3 53. Kd1 Rh1+ 54. Kc2 Nd5 55. Na2 Rh2+ 56. Kb3 Kd4 57. Rxa6 Rxa2 58. Rxf6 Ra4 59. Rf5 Rxb4+ 60. Kc2 Ne3+ 0-1

[Event "*** Qualifier 1: Titled Tuesday 3|2 Blitz"]
[Site "Chess.com"]
[Date "2017.04.04"]
[Round "6"]
[White "superjem123"]
[Black "PelinGorki"]
[Result "0-1"]
[WhiteElo "2500"]
[BlackElo "2398"]
[TimeControl "180+2"]
[EndTime "14:26:29 PDT"]
[Termination "PelinGorki won by checkmate"]

1. c4 e5 2. g3 Nf6 3. Bg2 d5 4. cxd5 Nxd5 5. Nc3 Nb6 6. Nf3 Nc6 7. O-O Be6 8. d3 f6 9. a3 Qd7 10. Re1 O-O-O 11.
Be3 Bh3 12. Bh1 h5 13. Ne4 h4 14. Nxh4 Rxh4 15. gxh4 Nd5 16. Ng3 Nxe3 17. fxe3 Bc5 18. Qc1 Bb6 19. a4 a5 20. Bxc6 bxc6 21. Kh1 Rh8 22.
h5 Bg4 23. Rg1 Bxh5 24. Nxh5 Rxh5 25. Rg3 g5 26. Qc4 Kb7 27. b4 Qh7 28. Rg2 Rh4 29. d4 exd4 30. bxa5 Bxa5 31. Qb3+ Kc8 32. Rb1 Qe4 33.
Qg8+ Kd7 34. Qf7+ Kc8 35. Qf8+ Kd7 36. Rb8 Qe7 37. Qc8+ Kd6 38. Qa6 Bb6 39. a5 Bc5 40. Qa8 Kd7 41. Rg8 Qf7 42. Qc8+ Kd6 43. Rd8+ Ke5 44.
Re8+ Kd6 45. Rd8+ Ke5 46. exd4+ Bxd4 47. Rd7 Qc4 48. Qxc7+ Kf5 49. e4+ Rxe4 50. h3 Qf1+ 51. Kh2 Be5+ 52. Qxe5+ Rxe5 53. Rdd2 Qf4+ 54. Kg1 Re1# 0-1

[Event "*** Qualifier 1: Titled Tuesday 3|2 Blitz"]
[Site "Chess.com"]
[Date "2017.04.04"]
[Round "6"]
[White "twitchTriniCupid"]
[Black "ka1ser64"]
[Result "1/2-1/2"]
[WhiteElo "2161"]
[BlackElo "2331"]
[TimeControl "180+2"]
[EndTime "14:26:31 PDT"]
[Termination "Game drawn by agreement"]

1. d4 d5 2. c4 dxc4 3. e3 Nf6 4.
Bxc4 e6 5. Ne2 c5 6. O-O a6 7. Bd3 Nc6 8. dxc5 Bxc5 9. a3 O-O 10. b4 Bd6 11. Bb2 Be5 12. Bxe5 Nxe5 13. Bc2 Qe7 14. Qd4 Nc6 15. Qh4 e5 16. Nbc3 Bg4 17. f3 Be6 18.
Rac1 Rac8 19. Na4 Nd5 20. Qxe7 Ncxe7 21. Kf2 Rc6 22. Nc5 Rfc8 23. Bb3 R8c7 24. Nxe6 fxe6 25. e4 Nb6 26. Bxe6+ Kf8 27. Bb3 Nc4 28. Bxc4 Rxc4 29. Rxc4 Rxc4 30. Rc1 b5 31. Ke3 Nc6 32. Kd3 Rxc1 33.
Nxc1 a5 34. bxa5 Nxa5 35. Kc3 Nc6 36. Na2 Ke7 37. Nb4 Na5 38. Nd5+ Kd6 39. Kb4 Nc4 40.
Nc3 Ne3 41. Nxb5+ Kc6 42. g3 Nf1 43. f4 exf4 44. gxf4 Nxh2 45. Nd4+ Kb6 46. Kc4 Ng4 47. Nc2 h5 48. Kd3 h4 49. Ne1 h3 50. Nf3 h2 51. Nxh2 Nxh2 52. Ke3 Ng4+ 53. Kf3 Nf6 54.
e5 Ne8 55. f5 Kc6 56. Kf4 Kd7 57. a4 Nc7 58. a5 Ke7 59. Kg5 Kf7 60. e6+ Kg8 61. Kg6 Kf8 62. Kg5 Ke7 63. Kg6 Kf8 64. Kh7 Na6 65. Kg6 Nc5 66. f6 gxf6 67. Kxf6 Ke8 68.
Ke5 Ke7 69. Kd5 Nxe6 70. Kc6 Kd8 71. a6 Kc8 72. a7 Nc7 73. Kb6 Na8+ 74. Kc6 Nc7 1/2-1/2

[Event "*** Qualifier 1: Titled Tuesday 3|2 Blitz"]
[Site "Chess.com"]
[Date "2017.04.04"]
[Round "6"]
[White "Spartakus1975"]
[Black "RitvarsReimanis"]
[Result "1-0"]
[WhiteElo "2510"]
[BlackElo "2415"]
[TimeControl "180+2"]
[EndTime "14:26:39 PDT"]
[Termination "Spartakus1975 won by resignation"]

1. e4 c5 2. c3 Nf6 3. e5 Nd5 4.
Nf3 Nc6 5. Bc4 Nb6 6. Bb3 d6 7.
exd6 e6 8. O-O Bxd6 9. d4 O-O 10. dxc5 Bxc5 11. Qe2 Qe7 12. Nbd2 h6 13. Ne4 Nd7 14.
Bf4 Nf6 15. Nxc5 Qxc5 16. Rad1 Re8 17. Bd6 Qh5 18. h3 e5 19. Ba4 e4 20. Nd4 Qxe2 21.
Nxe2 Be6 22. Bxc6 bxc6 23. b3 a5 24. Nd4 a4 25. c4 axb3 26. axb3 Bd7 27. Rfe1 Ra2 28. Ra1 Rd2 29. Red1 e3 30. f3 Rb2 31. Ba3 Rd2 32. Rxd2 exd2 33. Kf2 Ra8 34. Ke2 c5 35.
Nc2 Rb8 36. Rb1 Be6 37. Ne3 Ra8 38. Bxc5 Ra2 39. Rd1 Rb2 40. b4 Nd7 41. Rxd2 Rb3 42. Bd6 f5 43. c5 g5 44. c6 Nb6 45. c7 f4 46. Ng4 Bc4+ 47. Kf2 Rb1 48. g3 fxg3+ 49.
Kxg3 h5 50. Ne5 Be6 51. Bc5 Nc8 52. h4 gxh4+ 53. Kxh4 Kg7 54. Kxh5 Kf6 55. Ng4+ Kf5 56.
Kh4 Kf4 57. Nh2 Rb3 58. Re2 Kf5 59. Ng4 Rxf3 60. Re5+ Kf4 61. Rxe6 Rf1 62. Rf6+ Ke4 63. Rxf1 1-0

[Event "*** Qualifier 1: Titled Tuesday 3|2 Blitz"]
[Site "Chess.com"]
[Date "2017.04.04"]
[Round "6"]
[White "SmoothAsAHedgehog"]
[Black "ShimanovAlex"]
[Result "0-1"]
[WhiteElo "2533"]
[BlackElo "2627"]
[TimeControl "180+2"]
[EndTime "14:26:45 PDT"]
[Termination "ShimanovAlex won by resignation"]

1. Nf3 Nf6 2. c4 g6 3. g3 Bg7 4. Bg2 O-O 5. O-O d6 6. Nc3 Nc6 7. Rb1 a5 8. a3 Nh5 9. b4 axb4 10. axb4 Bxc3 11. dxc3 e5 12. c5 dxc5 13. Qxd8 Rxd8 14. b5 Ne7 15. Nxe5 Ra2 16. Bf3 f6 17. Nd3 b6 18. Nf4 Ng7 19. c4 g5 20.
Nd5 Nxd5 21. cxd5 Nf5 22. Bb2 Kf7 23. e3 Nd6 24. Bc3 Bf5 25. Ra1 Rda8 26. Be2 Rxa1 27. Bxa1 Ra2 28. Re1 Bd7 29. e4 g4 30. e5 fxe5 31.
Bxe5 Ra4 32. h3 Re4 33. Bxd6 cxd6 34. Kf1 Rxe2 35. Kxe2 gxh3 36. Kf3 Bxb5 37. Ke4 Bd7 38. Kf4 Kf6 39. g4 h6 40. Rh1 b5 41. Rxh3 Kg6 42.
Re3 Kf6 43. Rh3 Kg6 44. Re3 Kf7 45. Rh3 Kg7 46. Re3 Kf8 47. Rh3 Kg7 48. Ra3 Kf6 49. Ra7 Ke7 50. g5 hxg5+ 51. Kxg5 c4 52. Rb7 c3 53. f4 Kd8 54. Rb8+ Kc7 55. Ra8 c2 56.
Ra1 b4 57. f5 b3 58. f6 Be8 59.
Ra7+ Kb6 60. Re7 c1=Q+ 61. Kf5 Qf1+ 62. Ke6 Bb5 63. f7 b2 64. Re8 Bxe8 65. fxe8=Q Qe2+ 66. Kd7 Qxe8+ 67. Kxe8 b1=Q 68. Kd7 Kc5 0-1

[Event "*** Qualifier 1: Titled Tuesday 3|2 Blitz"]
[Site "Chess.com"]
[Date "2017.04.04"]
[Round "6"]
[White "Sanan_Sjugirov"]
[Black "PaulfromSPb"]
[Result "1-0"]
[WhiteElo "2700"]
[BlackElo "2541"]
[TimeControl "180+2"]
[EndTime "14:26:47 PDT"]
[Termination "Sanan_Sjugirov won by resignation"]

1. d4 Nf6 2. Nf3 e6 3. Bg5 h6 4.
Bh4 d5 5. Nbd2 Be7 6. e3 c5 7.
c3 Nc6 8. Bd3 b6 9. Qe2 O-O 10.
Ne5 Nxe5 11. dxe5 Nd7 12. Bxe7 Qxe7 13. f4 Bb7 14. Nf3 d4 15. exd4 Bxf3 16. Qxf3 cxd4 17. Qe4 g6 18. Qxd4 Rad8 19. Qe3 Nc5 20. Be2 Qh4+ 21.
g3 Qh3 22. Rd1 Qf5 23. b4 Na4 24. O-O Qc2 25. Rc1 Qxa2 26. Bb5 Rd2 27. Rf2 Rfd8 28.
Rxd2 Rxd2 29. Bxa4 Rg2+ 30. Kf1 Rxh2 31. Bc6 Rd2 32. Bf3 a5 33. bxa5 bxa5 34. Kg1 a4 35. c4 Qb2 36. Qc3 a3 37. Qxb2 axb2 38. Rf1 Rc2 39.
Be4 Rxc4 40. Bb1 Rc1 41. Kf2 Kf8 42. Ke2 Rc3 43. Bd3 Rc1 44. Rd1 g5 45. Kd2 gxf4 46.
gxf4 Rc6 47. Rb1 Rb6 48. Kc3 Rc6+ 49. Bc4 h5 50. Rxb2 Kg7 51. Rg2+ Kh6 52. Kd4 h4 53.
Rg8 Kh7 54. Rg4 h3 55. Rh4+ Kg6 56. Bd3+ Kg7 57. Rxh3 Rc7 58. Rh1 Ra7 59. Ke3 Ra4 60. Rg1+ Kf8 61. Rc1 Kg7 62. Rc7 Ra3 63. Kd4 Ra4+ 64.
Bc4 Kg6 65. Kc5 f6 66. Bxe6 Rxf4 67. Bf7+ Kg7 68. e6 f5 69. Bh5+ Kf6 70. e7 1-0

[Event "*** Qualifier 1: Titled Tuesday 3|2 Blitz"]
[Site "Chess.com"]
[Date "2017.04.04"]
[Round "6"]
[White "thegreendog"]
[Black "stepanosinovsky"]
[Result "0-1"]
[WhiteElo "2272"]
[BlackElo "2202"]
[TimeControl "180+2"]
[EndTime "14:26:47 PDT"]
[Termination "stepanosinovsky won by resignation"]

1. c4 c6 2. Nc3 d6 3. g3 g6 4. Bg2 Bg7 5. Nf3 Nf6 6. O-O O-O 7.
d3 Nbd7 8. Bd2 e5 9. Qc1 a5 10.
a3 Re8 11. Rb1 a4 12. Ne1 Nc5 13. Qc2 Bg4 14. Nf3 Qd7 15. Rfe1 Bh3 16. Bh1 Ng4 17. Ng5 Nh6 18. Nge4 Nxe4 19. Nxe4 c5 20. Nc3 Ng4 21.
b3 axb3 22. Rxb3 Qf5 23. f3 Nf6 24. Nb5 Red8 25. Bc1 Qh5 26. Nc7 Ra7 27. Qd2 d5 28. cxd5 Nxd5 29. Nxd5 Rxd5 30. Qe3 Rd4 31. Bb2 Bh6 32. Qf2 Be6 33. Rb5 b6 34. Rxb6 Rad7 35. Rb8+ Kg7 36. Rb5 R7d5 37. Bxd4 cxd4 38. Rxd5 Bxd5 39.
Kf1 Be3 40. Qg2 Qf5 41. g4 Qc8 42. Qg3 Bf4 43. Qf2 Qc2 44. h4 h6 45. Kg2 Qd2 46. e3 dxe3 47. Qe2 Qc3 48. Kh3 Qxa3 49. Bg2 Qe7 50.
Rb1 Qf6 51. Rb5 Be6 52. Qe1 Qd8 53. Qe2 Qd4 54. Rb7 Qa1 55. Qf1 Qa2 56. Rb1 h5 57. Ra1 Qd5 58. Qe2 Qd7 59. Bf1 Qc6 60. Rb1 hxg4+ 61.
Kg2 Bd5 62. Kg1 gxf3 63. Qb2 f2+ 64. Qxf2 exf2+ 65. Kxf2 Qc5+ 66. Ke2 Qe3+ 0-1

[Event "*** Qualifier 1: Titled Tuesday 3|2 Blitz"]
[Site "Chess.com"]
[Date "2017.04.04"]
[Round "6"]
[White "dolynachess"]
[Black "Tirantes"]
[Result "1/2-1/2"]
[WhiteElo "2294"]
[BlackElo "2205"]
[TimeControl "180+2"]
[EndTime "14:27:04 PDT"]
[Termination "Game drawn by repetition"]

1. c4 e5 2. Nc3 Nf6 3. g3 d5 4.
cxd5 Nxd5 5. Bg2 Nb6 6. Nf3 Nc6 7.
O-O Be7 8. a3 O-O 9. b4 Be6 10. b5 Nd4 11. Nxd4 exd4 12. Na4 Bd5 13. Bb2 Bxg2 14. Kxg2 Qd5+ 15. f3 Qxb5 16. Nxb6 Qxb6 17. Rb1 Qd6 18. Qa4 c5 19. e4 a6 20. d3 b5 21.
Qb3 Rac8 22. Rfc1 Kh8 23. Rc2 f5 24. Re1 fxe4 25. Rxe4 Qf6 26. f4 Bd6 27. Qe6 h6 28.
Qxf6 gxf6 29. Re6 Rcd8 30. Rce2 Kg8 31. f5 Kf7 32. Bc1 h5 33. Bf4 Bxf4 34. Re7+ Kg8 35. gxf4 Rf7 36. R7e6 Kg7 37. Kf3 c4 38. Rxa6 c3 39.
Rc6 Rfd7 40. Rc5 Ra8 41. Rg2+ Kf7 42. Rxb5 Rxa3 43. Rb8 Ke7 44. Rb6 Kd8 45. Rxf6 Kc7 46. Rgg6 Rb3 47. Rc6+ Kb7 48. Rge6 Rc7 49. Rxc7+ Kxc7 50.
f6 Rb8 51. Re4 c2 52. Re1 Rb1 53. f7 Rxe1 54. f8=Q c1=Q 55. Qf7+ Kc6 56. Qf6+ Kc5 57. Qf8+ Kb5 58. Qb8+ Ka4 59. Qa7+ Kb3 60. Qxd4 Rf1+ 61. Kg2 Qxf4 62. Qd5+ Kc3 63. Qc5+ Kd2 64. Qa5+ Ke2 65.
Qa2+ Ke3 66. Qe6+ Kd2 67. Qa2+ Kc3 68. Qa3+ Kc2 69. Qa2+ Kc3 70. Qa3+ Kc2 71. Qa2+ Kc3 1/2-1/2

[Event "*** Qualifier 1: Titled Tuesday 3|2 Blitz"]
[Site "Chess.com"]
[Date "2017.04.04"]
[Round "6"]
[White "StoreySniper"]
[Black "aNaartjieZA"]
[Result "1-0"]
[WhiteElo "2230"]
[BlackElo "2270"]
[TimeControl "180+2"]
[EndTime "14:27:04 PDT"]
[Termination "StoreySniper won by resignation"]

1. d4 e6 2. c3 Nf6 3. Bf4 b6 4. Nd2 Bb7 5. e3 Be7 6. Bd3 c5 7. Ngf3 cxd4 8. exd4 d6 9. O-O Nbd7 10.
Re1 Qc7 11. Qe2 h6 12. h3 g5 13. Bh2 Rg8 14. g4 h5 15. gxh5 g4 16. hxg4 Rxg4+ 17. Kf1 O-O-O 18. Ba6 Rdg8 19. Bxb7+ Qxb7 20. h6 Rh4 21. Qc4+ Kb8 22. Nxh4 Qh1+ 23. Ke2 Qxh2 24. Ndf3 Qf4 25.
Rg1 Rxg1 26. Rxg1 Qxh6 27. Qd3 Nd5 28. Qd2 Nf4+ 29. Kd1 Bxh4 30. Rh1 Qf6 31. Rxh4 Ng6 32. Rh3 Qf5 33. Rg3 Qb1+ 34. Ke2 Qxa2 35. Ne1 Qc4+ 36. Nd3 Qd5 37. Kd1 Qh5+ 38. Kc2 Nf6 39. Qe3 Qb5 40. Rxg6 fxg6 41. Qxe6 Qf5 42. Qxd6+ Kb7 43. Qe7+ Kb8 44. Qe5+ Qxe5 45. dxe5 Nd5 46. c4 Ne7 47. Kc3 Kb7 48. Kd4 Kc6 49. Ke4 a6 50. Nf4 Kc5 51. b3 b5 52. Nd5 bxc4 53. bxc4 Nf5 54. Nf4 Ne7 55. Kd3 a5 56. Kc3 a4 57. Nd3+ Kc6 58. Kb4 a3 59.
Kxa3 g5 60. Kb4 Nf5 61. Kc3 Nh4 62. Kd4 Nf3+ 63. Ke3 g4 64. Ke4 Nd2+ 65. Kd4 Nf3+ 66. Ke3 Kd7 67. Kf4 Nd2 68. Nb2 Ke6 69. c5 Nb3 70.
Nd3 Na5 71. Kxg4 Nc6 72. Kf4 Nd4 73. Ke4 Nf5 74. f4 Ng3+ 75. Kd4 Nf5+ 76. Kc4 Ne3+ 77.
Kb5 Nd5 78. c6 Ke7 79. Kc5 Nc7 80. Nb4 Ne6+ 81. Kb6 Nxf4 82. c7 Kd7 83. Kb7 Ke6 84.
c8=Q+ 1-0

[Event "*** Qualifier 1: Titled Tuesday 3|2 Blitz"]
[Site "Chess.com"]
[Date "2017.04.04"]
[Round "6"]
[White "poummba"]
[Black "joppie2"]
[Result "1/2-1/2"]
[WhiteElo "2393"]
[BlackElo "2607"]
[TimeControl "180+2"]
[EndTime "14:27:26 PDT"]
[Termination "Game drawn by stalemate"]

1. e4 e5 2. Nf3 Nc6 3. Bc4 Bc5 4.
O-O Nf6 5. d4 Bxd4 6. Nxd4 Nxd4 7.
f4 d6 8. fxe5 dxe5 9. Bg5 Qe7 10.
Na3 Rg8 11. c3 Ne6 12. Be3 Bd7 13. Qe1 Nxe4 14. Nb5 Nd6 15. Nxd6+ cxd6 16. Rd1 Bc6 17. Qd2 O-O-O 18. Bxa7 d5 19. Bb3 d4 20. cxd4 Nxd4 21. Qe3 Nxb3 22. axb3 Rxd1 23. Rxd1 Rd8 24. Re1 f6 25. Qh3+ Qd7 26. Qxh7 Qe6 27. Bb6 Rd2 28. Qh8+ Qe8 29. Qxe8+ Bxe8 30. Rc1+ Bc6 31. b4 Rxg2+ 32.
Kf1 Rxb2 33. Rd1 Bd7 34. Rc1+ Kb8 35. Rc7 Rxb4 36. Rxd7 Rxb6 37. Rxg7 Rd6 38. Rf7 Kc8 39. h4 Rd4 40. Rxf6 Rxh4 41. Re6 Re4 42. Kf2 Kd7 43. Rb6 Kc7 44. Re6 b5 45. Kf3 Re1 46. Kf2 Rd1 47. Rxe5 Kc6 48. Ke2 Rd8 49. Rh5 b4 50.
Rg5 Rd7 51. Rh5 Kb6 52. Rg5 Ka6 53. Rh5 Kb6 54. Rg5 Kc6 55. Rh5 b3 56. Rh3 Rb7 57.
Rh1 Kc5 58. Kd2 Kb4 59. Kc1 Ka3 60. Kb1 Re7 61. Rg1 Re2 62. Rh1 Rb2+ 63. Ka1 Ra2+ 64.
Kb1 Rb2+ 65. Ka1 Ra2+ 66. Kb1 Rb2+ 67. Ka1 Rf2 68. Kb1 Rf3 69. Rg1 b2 70. Rh1 Rg3 71. Rf1 Kb3 72. Rf3+ Rxf3 1/2-1/2

[Event "*** Qualifier 1: Titled Tuesday 3|2 Blitz"]
[Site "Chess.com"]
[Date "2017.04.04"]
[Round "6"]
[White "davidarenas1224"]
[Black "GMMelik"]
[Result "0-1"]
[WhiteElo "2328"]
[BlackElo "2490"]
[TimeControl "180+2"]
[EndTime "14:27:29 PDT"]
[Termination "GMMelik won by resignation"]

1. e4 d6 2. d4 Nf6 3. Nc3 e5 4. Nf3 Nbd7 5. g4 g6 6. Rg1 Bg7 7. Be3 O-O 8. Qd2 d5 9. exd5 e4 10. Ng5 Re8 11. O-O-O Nb6 12. Bb5 Bd7 13. Bxd7 Qxd7 14. h4 Nfxd5 15. Ngxe4 Nc4 16. Qd3 Ncxe3 17. fxe3 b6 18. Nxd5 Qxd5 19. Nc3 Qa5 20. Kb1 c5 21.
Rgf1 Rad8 22. Qc4 Rf8 23. Nd5 cxd4 24. Ne7+ Kh8 25. exd4 b5 26. Qb3 Qc7 27. Nd5 Qd7 28.
Nc3 Qxg4 29. Rxf7 Rxf7 30. Qxf7 b4 31. Qe7 Rc8 32. Qxb4 Rxc3 33. bxc3 Qxd1+ 34. Kb2 h5 35. Qb8+ Kh7 36. Qxa7 Qg4 37. Qe7 g5 38. hxg5 h4 39.
d5 h3 40. d6 Qb4+ 41. Kc1 Qxc3 42. Qe4+ Kg8 43. Qe6+ Kh8 44. Qe8+ Kh7 45. Qh5+ Kg8 46. Qe8+ Bf8 47. Qe6+ Kg7 48. Qh6+ Kf7 49. g6+ Ke8 50. Qh5 Bg7 51. Qb5+ Kd8 52. Qb8+ Kd7 53. Qb7+ Kxd6 54. Qb6+ Ke7 55. Qb7+ Kf6 56. Qe4 Kg5 57. Qe7+ Kxg6 58.
a4 Bf6 59. Qe4+ Kh5 60. Qf5+ Bg5+ 61. Kb1 Qb4+ 62. Ka2 Qxa4+ 63. Kb2 Qb4+ 64. Ka2 Qg4 65. Qh7+ Bh6 66. Qf7+ Kh4 67. Qf6+ Bg5 68. Qf2+ Qg3 69. Qd4+ Kh5 70. Qh8+ Kg4 71. Qd4+ Bf4 72. Qd7+ Kf3 73. Qd3+ Be3 74. Qf5+ Kg2 75. Qe4+ Kg1 76. c4 h2 77. Qb1+ Kg2 78. Qe4+ Qf3 79. Qg6+ Kf1 80. Qd3+ Qe2+ 81. Qxe2+ Kxe2 0-1

[Event "*** Qualifier 1: Titled Tuesday 3|2 Blitz"]
[Site "Chess.com"]
[Date "2017.04.04"]
[Round "6"]
[White "DavidMarkosyan"]
[Black "DryCounty"]
[Result "0-1"]
[WhiteElo "2346"]
[BlackElo "2472"]
[TimeControl "180+2"]
[EndTime "14:27:29 PDT"]
[Termination "DryCounty won by resignation"]

1. e4 e5 2. Nf3 Nc6 3. Bc4 Nf6 4. d3 Be7 5. O-O O-O 6. Re1 d6 7. c3 Na5 8. Bb5 c5 9. Nbd2 Bd7 10.
Bxd7 Nxd7 11. Nf1 Nc6 12. Ne3 Bf6 13. a3 Ne7 14. b4 g6 15. Bb2 Bg7 16. Nd2 b5 17. Nb3 Rc8 18. Na5 Nb6 19. Bc1 Na4 20.
Bd2 d5 21. Rc1 Qd7 22. exd5 Nxd5 23. Ng4 Rfe8 24. Qf3 f5 25. Ne3 Nf4 26. Red1 Nxd3 27. Be1 e4 28. Qe2 Nxc1 29. Rxc1 cxb4 30. axb4 Bxc3 31.
Rd1 Qe6 32. Qxb5 Bxe1 33. Qxa4 Bc3 34. g3 Rcd8 35. Rxd8 Rxd8 36. Nc6 Rf8 37. b5 f4 38. gxf4 Rxf4 39. Qxa7 Rf8 40. Qc5 Bd2 41. Ne7+ Kf7 42. N7d5 Bxe3 43. Nxe3 Rc8 44. Qa7+ Kg8 45. Qd4 Rb8 46.
Nd5 Qg4+ 47. Kf1 Qh3+ 48. Ke1 Qd3 49. Qxd3 exd3 50. b6 Kf7 51. Kd2 Ke6 52. Nf4+ Kd6 53. Kxd3 Rxb6 54. Ke4 Rb4+ 55. Kf3 Rb3+ 56. Kg4 Ke5 57.
Nh3 Rb4+ 58. Kg3 Kf5 59. f3 h6 60. Nf2 Rb3 61. Ne4 g5 62. h3 h5 63. Nd6+ Ke5 64. Ne4 Kf5 65. Nd6+ Kg6 66. Ne4 Rb2 67. h4 gxh4+ 68. Kxh4 Rb3 69. Kg3 Ra3 70. Nd6 Ra1 71. Ne4 Rg1+ 72. Kf2 Rc1 73. Kg3 Rd1 74. Nc5 Kf5 75.
Ne4 Rd4 76. Nc5 Rd8 77. Ne4 Rg8+ 78. Kh4 Rh8 79. Ng3+ Kf4 80. Nxh5+ Kf5 81. f4 Rh7 82. Kg3 Rxh5 0-1

[Event "*** Qualifier 1: Titled Tuesday 3|2 Blitz"]
[Site "Chess.com"]
[Date "2017.04.04"]
[Round "6"]
[White "AndrewMcStone"]
[Black "Wolverine_master"]
[Result "1-0"]
[WhiteElo "1996"]
[BlackElo "1956"]
[TimeControl "180+2"]
[EndTime "14:27:33 PDT"]
[Termination "AndrewMcStone won on time"]

1. d4 Nf6 2. c4 c5 3. d5 b5 4.
cxb5 a6 5. f3 axb5 6. e4 e6 7.
Bxb5 exd5 8. exd5 g6 9. Nh3 Bg7 10.
O-O O-O 11. Nc3 d6 12. Nf2 Ba6 13. a4 Nbd7 14. Bf4 Ne5 15. Bxa6 Rxa6 16. Qe2 Rb6 17. Nb5 Nh5 18. Bd2 c4 19. Bc3 Re8 20. Qd2 Qh4 21. Rfe1 Qf4 22. Re4 Qxd2 23. Bxd2 f5 24. Ree1 Ra8 25. f4 Nd3 26. Nxd3 cxd3 27. Bc3 Nxf4 28. Bxg7 Kxg7 29. g3 Nxd5 30. Red1 d2 31. Rxd2 Rxb5 32.
axb5 Rxa1+ 33. Kf2 Nc7 34. b6 Na6 35. Rxd6 Rb1 36.
Rd2 Kf6 37. b7 Ke6 38. Kf3 g5 39. h3 h5 40. Rc2 g4+ 41. hxg4 hxg4+ 42. Kf4 Rf1+ 43.
Kg5 Kd7 44. Rc8 Rf3 45. Ra8 Rxg3 46. Rxa6 Kc7 47. Rb6 Kb8 48. Kxf5 Rg1 49. Kf4 g3 50. Kf3 Rf1+ 51. Kxg3 Rf5 52. Kg4 Rd5 53. Kf4 Rh5 54. Ke4 Rg5 55. Kd4 Rf5 56. Kc4 Rf2 57. b3 Rf5 58. Kb4 Rf4+ 59. Ka5 Rf2 60. Kb5 Rb2 61.
Kc6 Rc2+ 62. Kb5 Rc3 63. b4 Rc2 64. Rc6 Rb2 65. Rh6 Kxb7 66. Rh7+ Kb8 67. Kc5 1-0

[Event "*** Qualifier 1: Titled Tuesday 3|2 Blitz"]
[Site "Chess.com"]
[Date "2017.04.04"]
[Round "6"]
[White "Durarbayli"]
[Black "IamSchrodingersCat"]
[Result "1/2-1/2"]
[WhiteElo "2619"]
[BlackElo "2387"]
[TimeControl "180+2"]
[EndTime "14:27:37 PDT"]
[Termination "Game drawn by repetition"]

1. e4 c5 2. Nf3 d6 3. d4 cxd4 4.
Nxd4 Nf6 5. Nc3 g6 6. Bc4 Bg7 7.
Be3 O-O 8. Bb3 Nc6 9. h3 Bd7 10. O-O a5 11. a3 Rc8 12. Re1 Ne5 13. Bf4 Nc4 14. Rb1 Nxa3 15. bxa3 Rxc3 16. e5 dxe5 17. Bxe5 Rc8 18. Qf3 a4 19. Ba2 Bc6 20. Nxc6 bxc6 21.
Red1 Qa5 22. Bc3 Qf5 23. Qxf5 gxf5 24. Rb4 Nd5 25. Bxg7 Kxg7 26. Bxd5 cxd5 27. Rxd5 Rxc2 28. Rxf5 e6 29. Rg4+ Kh8 30. Rf3 Ra2 31. Rxa4 Kg7 32. Rg4+ Kh8 33. g3 f5 34. Ra4 Kg7 35. Re3 Kf6 36. Ra6 Re8 37. h4 h6 38. Kg2 Ra1 39.
Kf3 Ra2 40. a4 Re7 41. a5 Re8 42. Kg2 Re7 43. Ra8 Kf7 44. a6 Kf6 45. Rb3 h5 46. Rb7 Rxa6 47. Rf8+ Kg7 48. Rbb8 Raa7 49. Rg8+ Kf6 50.
Rg5 Rh7 51. Rbg8 Raf7 52. Kf3 Rd7 53. R8g6+ Ke5 54. Ke3 Ra7 55. Rg8 Ra3+ 56. Ke2 Ra2+ 57. Kf1 Ra1+ 58. Kg2 Raa7 59. Rd8 Ra6 60. Kf3 Ra3+ 61.
Ke2 Ra2+ 62. Ke3 Ra3+ 63. Ke2 Ra2+ 64. Kf1 Ra1+ 65. Kg2 Ra6 66. Kh3 Ra2 67. f3 Ra3 68. f4+ Ke4 69. Rg6 Re7 70. Rh6 Kf3 71. Rxh5 Rc7 72.
Rd1 Rc2 73. Rf1+ Rf2 74. Rxf2+ Kxf2 75. Rg5 Ra1 76. Kh2 Kf3 77. h5 Ra2+ 78. Kh3 Ra1 79.
Kh2 Ra2+ 80. Kh3 Ra1 81. Kh2 Ra2+ 82. Kh3 Ra1 1/2-1/2

[Event "*** Qualifier 1: Titled Tuesday 3|2 Blitz"]
[Site "Chess.com"]
[Date "2017.04.04"]
[Round "6"]
[White "gmcorrales"]
[Black "tigra"]
[Result "0-1"]
[WhiteElo "2573"]
[BlackElo "2618"]
[TimeControl "180+2"]
[EndTime "14:27:42 PDT"]
[Termination "tigra won by resignation"]

1. e4 e6 2. d4 d5 3. e5 c5 4. c3 Qb6 5. a3 Nc6 6. Nf3 f6 7. Bd3 cxd4 8. cxd4 Bd7 9. O-O Be7 10.
Nc3 f5 11. Na4 Qd8 12. b4 Nh6 13. Nc5 Bxc5 14. bxc5 Nf7 15. Rb1 Rb8 16. h4 O-O 17. h5 h6 18. Qd2 Be8 19. Qf4 Qe7 20. Bd2 Nfd8 21. Qh2 Qf7 22. Rb3 Qxh5 23. Qf4 Qg4 24. Qe3 f4 25. Qe2 Bg6 26. Bxg6 Qxg6 27. Re1 Qc2 28.
Rc3 Qf5 29. Rb3 g5 30. Bc3 Kg7 31. Nh2 Kg6 32. Ng4 f3 33. gxf3 Qxf3 34. Qc2+ Qf5 35. Qe2 Rc8 36. Nf6 Rc7 37. Bb2 Rcf7 38. Rf3 Rxf6 39.
exf6 Qg4+ 40. Kf1 Kf7 41. Qd3 Ke8 42. Rg3 Qh5 43. Qf3 Qxf3 44. Rxf3 Kf7 45. Kg2 Kg6 46. Rh1 Nf7 47. Re3 Re8 48. Rhe1 Kxf6 49. Kg3 h5 50.
f4 g4 51. f5 Kxf5 52. Kh4 e5 53. dxe5 Ng5 54. Rf1+ Nf3+ 55. Rexf3+ gxf3 56. Rxf3+ Ke4 57. Rf7 Re7 58. e6 d4 59. Kxh5 d3 60. Rxe7 Nxe7 61. Bc3 Kf5 62. Kh4 Kxe6 63. Kg4 Kd5 64. Kf4 Kc4 65.
Bd2 Nd5+ 66. Ke4 Nc3+ 67. Ke5 Na4 68. c6 bxc6 69. Kd6 c5 70. Kc6 Nc3 71. Kb7 Ne4 72.
Be3 Kb3 73. Kxa7 c4 74. Kb6 c3 0-1

[Event "*** Qualifier 1: Titled Tuesday 3|2 Blitz"]
[Site "Chess.com"]
[Date "2017.04.04"]
[Round "6"]
[White "GeorgMeier"]
[Black "justantan"]
[Result "1/2-1/2"]
[WhiteElo "2706"]
[BlackElo "2162"]
[TimeControl "180+2"]
[EndTime "14:27:50 PDT"]
[Termination "Game drawn - insufficient material"]

1. Nf3 d5 2. g3 Bg4 3. Bg2 c6 4. h3 Bh5 5. c4 e6 6. O-O Nf6 7. d3 dxc4 8. dxc4 Qxd1 9. Rxd1 Nbd7 10. b3 Bc5 11. Nc3 O-O-O 12. Bb2 h6 13. Rac1 Bg6 14.
Ne1 Be7 15. Nd3 h5 16. Kf1 h4 17. g4 Bd6 18. e3 Nc5 19. Nxc5 Bxc5 20. Ke2 Be7 21.
f4 Bb4 22. Rd4 Rxd4 23. exd4 Rd8 24. Rd1 Bc2 25. Rc1 Bh7 26. Ke3 c5 27. Ne2 Nd7 28. a3 Ba5 29. Bf3 Bb6 30. b4 cxd4+ 31. Bxd4 Bxd4+ 32. Nxd4 e5 33. fxe5 Nxe5 34. Bd5 Re8 35. Kd2 f6 36.
Re1 Rd8 37. Kc3 Bg6 38. g5 Re8 39. gxf6 gxf6 40. Rf1 Rf8 41. c5 Nd7 42. Be6 Kd8 43. Rd1 Ke7 44. Bxd7 Kxd7 45. b5 Ke7 46. c6 bxc6 47.
Nxc6+ Ke6 48. Kc4 Bf5 49. Nd4+ Ke5 50. Nxf5 Rc8+ 51. Kb4 Kxf5 52. Rf1+ Ke5 53. a4 Rc2 54. Re1+ Kd6 55. Rd1+ Ke6 56. Rd4 f5 57. Rxh4 Ke5 58. Rh8 f4 59. Re8+ Kd4 60. Rf8 Ke3 61. a5 Rb2+ 62.
Kc5 Rc2+ 63. Kd5 f3 64. b6 axb6 65. axb6 Rb2 66. Kc6 f2 67. h4 Rc2+ 68. Kd7 Rd2+ 69. Kc7 Rc2+ 70. Kd7 Rd2+ 71. Kc6 Rc2+ 72. Kd6 Rd2+ 73.
Kc7 Rc2+ 74. Kd8 Rd2+ 75. Kc8 Rc2+ 76. Kb8 Rc4 77. b7 Rxh4 78. Kc8 Rc4+ 79. Kd8 Rb4 80. Kc7 Ke2 81. b8=Q Rxb8 82. Kxb8 f1=Q 83. Rxf1 Kxf1 1/2-1/2